 Dungeon Crawl Stone Soup version 0.29.0-5-ge4962eb29e (webtiles) character file.

Game seed: 1381381811857680289

302 Lymetel the Cleaver (level 6, -2/51 HPs)
             Began as a Minotaur Chaos Knight on Aug 28, 2022.
             Was a Plaything of Xom.
             Slain by Edmund
             ... wielding a +2 flail of protection
              (6 damage)
             ... on level 4 of the Dungeon.
             The game lasted 00:04:46 (3247 turns).

Lymetel the Cleaver (Minotaur Chaos Knight)         Turns: 3247, Time: 00:04:46

Health: -2/51      AC:  8    Str: 16 (17) XL:     6   Next: 14%
Magic:  5/5        EV: 11    Int: 14      God:    Xom [..*...]
Gold:   224        SH:  0    Dex: 11 (12) Spells: 5/5 levels left

rFire   . . .      SeeInvis .   a - +0 hand axe (chaos)
rCold   . . .      Faith    .   (no shield)
rNeg    + . .      Spirit   .   u - +3 robe of the Shoals {Regen+ Str-4 Int+2 Dex+4 Slay+3}
rPois   .          Reflect  .   (helmet restricted)
rElec   .          Harm     .   (no cloak)
rCorr   .          Rampage  .   f - +2 pair of gloves
Will    +....                   (no boots)
Stlth   +.........              (no amulet)
HPRegen 0.97/turn               h - ring of positive energy
MPRegen 0.09/turn               (no ring)

@: liquefying, slowed movement, very slow
A: horns 2, retaliatory headbutt, talons 1, clever 1, deterioration 1,
strong-willed 1, strong 1
a: Renounce Religion


You were on level 4 of the Dungeon.
You worshipped Xom.
You were a toy of Xom.
You visited 1 branch of the dungeon, and saw 4 of its levels.

You collected 224 gold pieces.

Inventory:

Hand Weapons
 a - a +0 hand axe of chaos (weapon)
Armour
 b - a +2 leather armour
 f - a +2 pair of gloves (worn)
 p - a +0 chain mail
 u - the +3 robe of the Shoals (worn) {Regen+ Str-4 Int+2 Dex+4 Slay+3}
   (You took it off a kobold on level 2 of the Dungeon)

   Str:       It affects your strength (-4).
   Int:       It affects your intelligence (+2).
   Dex:       It affects your dexterity (+4).
   Slay:      It affects your accuracy & damage with ranged weapons and melee
   (+3).
   Regen:     It increases your rate of health regeneration.
Jewellery
 h - a ring of positive energy (left hand)
 o - a +6 ring of intelligence
Scrolls
 k - a scroll of fog {unknown}
 n - a scroll of brand weapon {unknown}
 q - a scroll of fear {unknown}
 r - a scroll of identify {unknown}
 t - a scroll of teleportation {unknown}
Potions
 d - a potion of ambrosia {unknown}
 e - 2 potions of curing
 g - a potion of haste {unknown}
 i - a potion of might {unknown}
 j - a potion of resistance {unknown}
 l - 2 potions of magic {unknown}
 m - 3 potions of mutation
 s - a potion of brilliance {unknown}
Miscellaneous
 c - a piece from Xom's chessboard (15/15) (quivered)


   Skills:
 - Level 3.6 Fighting
 + Level 8.4 Axes
 - Level 2.4 Armour
 - Level 1.1 Dodging


You had 5 spell levels left.
You didn't know any spells.
Your spell library contained the following spells:

 Spells                   Type           Power      Damage    Failure   Level
 Magic Dart               Conj           0%         1d3       28%         1
 Searing Ray              Conj           0%         2d4       41%         2
 Fulminant Prism          Conj/Hex       0%         3d6       96%         4


Dungeon Overview and Level Annotations

Branches:
Dungeon (4/15)
 Temple: D:4-7

Altars:

Annotations:
D:4 Edmund


Innate Abilities, Weirdness & Mutations

You have a pair of horns on your head.
You reflexively headbutt those who attack you in melee.
You have sharp toenails.
Your mind is acute. (Int +4, Str/Dex -1)
Your body sometimes deteriorates upon taking damage.
You are strong-willed. (Will+)
Your muscles are strong. (Str +4, Int/Dex -1)


Message History

You headbutt Edmund, but do no damage.
Edmund is severely wounded.
Edmund completely misses you.
You slash Edmund! Your kick misses Edmund. Your headbutt misses Edmund.
Edmund is severely wounded.
Edmund hits you with a +2 flail of protection.
* * * LOW HITPOINT WARNING * * *
You closely miss Edmund. You claw Edmund, but do no damage.
Edmund is severely wounded.
Edmund attacks as you move away! Edmund hits you but does no damage.
You hit Edmund but do no damage. Your headbutt misses Edmund.
Edmund is severely wounded.
Edmund hits you with a +2 flail of protection.
* * * LOW HITPOINT WARNING * * *
Edmund attacks as you move away!
Edmund hits you with a +2 flail of protection.
* * * LOW HITPOINT WARNING * * *
Edmund attacks as you move away! Edmund hits you but does no damage.
Xom's power flows through you!
The ground around you becomes liquefied!
You hit Edmund but do no damage. Your kick misses Edmund.
Edmund is severely wounded.
Edmund hits you with a +2 flail of protection!
* * * LOW HITPOINT WARNING * * *
You completely miss Edmund. You claw Edmund, but do no damage.
Your headbutt misses Edmund.
Edmund is severely wounded.
Edmund barely misses you.
You closely miss Edmund. Your kick misses Edmund.
Edmund is severely wounded.
You hit Edmund but do no damage. You claw Edmund. You headbutt Edmund.
Edmund is severely wounded.
Edmund is no longer unusually agile.
Edmund hits you with a +2 flail of protection!
* * * LOW HITPOINT WARNING * * *
You emit a cloud of colourful smoke!
You barely miss Edmund. Your kick misses Edmund.
Edmund is severely wounded.
Edmund hits you with a +2 flail of protection.
You die...

### #.## #.# ... #.# #.#####.#
####.# ##.# #.......###....#
#.## #..###..##.....### #####.##
##..# ###.........## .......##
#...# #........... .......(##
#...## #........... .........#
#.§§@# #..†........
....)....####..§@# ##...........
.........##....§§###............
.............###................
.............# #..##............
....<........# #..###...........
.............##..## #...........
####.........##..# #........
....#........... #........
..###..####.###. .......


You could see Edmund.

Vanquished Creatures
  A bullfrog (D:4)
  A killer bee (D:2)
  Jessica (D:3)
  Terence (D:3)
  Robin (D:3)
  5 adders
  2 worms
  An orc (D:3)
  4 ball pythons
  6 bats
  5 endoplasms
  5 giant cockroaches
  16 goblins
  8 hobgoblins
  3 jackals (D:1)
  10 kobolds
  3 quokkas
  3 frilled lizards
  2 rats
78 creatures vanquished.

Vanquished Creatures (others)
  5 plants (D:1)
5 creatures vanquished.

Grand Total: 83 creatures vanquished

Notes
Turn   | Place    | Note
-------+----------+-------------------------------------------
     0 | D:1      | Lymetel the Minotaur Chaos Knight began the quest for the
                  | Orb.
     0 | D:1      | Reached XP level 1. HP: 19/19 MP: 0/0
   186 | D:1      | XOM: butterfly on damage
   194 | D:1      | Reached skill level 4 in Axes
   204 | D:1      | XOM: 4-stop teleportation journey
   254 | D:1      | XOM: silly message
   292 | D:1      | Reached XP level 2. HP: 24/26 MP: 1/1
   327 | D:1      | XOM: silly message
  1058 | D:1      | XOM: noise
  1199 | D:1      | Gained mutation: Your body sometimes deteriorates upon
                  | taking damage. [potion of mutation]
  1199 | D:1      | Gained mutation: You have hidden genetic potential. [potion
                  | of mutation]
  1199 | D:1      | Gained mutation: You have sharp toenails. [potion of
                  | mutation]
  1199 | D:1      | Gained mutation: You are strong-willed. (Will+) [potion of
                  | mutation]
  1203 | D:1      | XOM: divination: magic mapping
  1353 | D:2      | Reached skill level 5 in Axes
  1372 | D:2      | XOM: silly message
  1399 | D:2      | Reached XP level 3. HP: 25/31 MP: 2/2
  1470 | D:2      | Found a faded altar of an unknown god.
  1591 | D:2      | Gained mutation: Your mind is acute. (Int +4, Str/Dex -1)
                  | [hidden potential]
  1688 | D:2      | XOM: noise
  1843 | D:2      | Identified the +3 robe of the Shoals {Regen+ Str-4 Int+2
                  | Dex+4 Slay+3}
  1857 | D:2      | Noticed a killer bee
  1857 | D:2      | a worm changed into a killer bee
  1861 | D:2      | Killed a killer bee
  1862 | D:2      | Reached skill level 6 in Axes
  1862 | D:2      | Reached XP level 4. HP: 20/39 MP: 3/3
  1864 | D:2      | Gained mutation: Your muscles are strong. (Str +4, Int/Dex
                  | -1) [hidden potential]
  1864 | D:2      | Lost mutation: You have hidden genetic potential. [hidden
                  | potential expressed]
  2278 | D:3      | Reached XP level 5. HP: 41/45 MP: 4/4
  2284 | D:3      | Noticed Jessica
  2298 | D:3      | Killed Jessica
  2299 | D:3      | Reached skill level 7 in Axes
  2412 | D:3      | XOM: silly message
  2462 | D:3      | XOM: divination: detect creatures
  2493 | D:3      | Noticed Robin
  2513 | D:3      | Killed Robin
  2612 | D:3      | XOM: divination: detect creatures
  2751 | D:3      | XOM: silly message
  2800 | D:3      | XOM: silly message
  2945 | D:3      | Noticed Terence
  2953 | D:3      | Killed Terence
  3165 | D:4      | Noticed Edmund
  3168 | D:4      | Reached skill level 8 in Axes
  3168 | D:4      | Reached XP level 6. HP: 51/51 MP: 5/5
  3174 | D:4      | XOM: smoke on damage
  3191 | D:4      | XOM: divination: detect creatures
  3209 | D:4      | HP: 2/51 [something (10)]
  3236 | D:4      | XOM: cast spell 'Leda's Liquefaction'
  3246 | D:4      | XOM: smoke on damage
  3247 | D:4      | Slain by Edmund

Illustrated notes

Levels and vault maps discovered:
D:1:      zaba_arrival_water, layout_basic, kennysheep_boxes
D:2:      layout_rooms, ebering_ecumenical_altar_webs, fountainhead
D:3:      layout_basic, uniq_robin, uniq_terence, uniq_jessica
D:4:      layout_layer_cave, serial_glass, glass_columns_a, glass_columns_a,
          glass_columns_a, glass_columns_b, uniq_edmund, uniq_blork_the_orc

Skill      XL: |  1  2  3  4  5 |
---------------+----------------+-----
Axes           | 4 5 6 8 |  8.4
Fighting       | |  3.6
Armour         | |  2.4
Dodging        | |  1.1

Action                   |  1- 3 |  4- 6 || total
-------------------------+-------+-------++-------
Melee: Hand axe          |    92 |   101 ||   193
       Punch             |     2 |     1 ||     3
       Headbutt          |     6 |    16 ||    22
       Kick              |    10 |    29 ||    39
  Use: Scroll            |     2 |       ||     2
       Potion            |     2 |       ||     2
Armor: Leather armour    |    42 |    28 ||    70
       Chain mail        |       |     1 ||     1
       Robe              |       |     4 ||     4
Dodge: Dodged            |    70 |    46 ||   116
